 Dungeon Crawl Stone Soup version 0.27-a0-1497-gf8f22f7954 (webtiles) character file.

Game seed: 14907615269728896101

121 Lekart the Slasher (level 4, -3/40 HPs)
             Began as a Draconian Chaos Knight on July 7, 2021.
             Was a Plaything of Xom.
             Slain by a gnoll (8 damage)
             ... on level 4 of the Dungeon.
             The game lasted 00:04:50 (3939 turns).

Lekart the Slasher (Draconian Chaos Knight)         Turns: 3939, Time: 00:04:51

Health: -3/40      AC:  7    Str: 14 (15) XL:     4   Next: 76%
Magic:  6/6        EV:  5    Int: 11 (12) God:    Xom [.*....]
Gold:   107        SH:  0    Dex:  9 (11) Spells: 6/6 levels left

rFire    + + .     SeeInvis .   a - +1 falchion (flame)
rCold    . . .     Faith    .   f - +0 kite shield
rNeg     . . .     Spirit   .   (armour unavailable)
rPois    .         Reflect  .   (helmet restricted)
rElec    .         Harm     .   b - +0 cloak
rCorr    .         Rampage  .   (no gloves)
Will     .....                  c - +0 pair of boots
Stlth    +.........             (no amulet)
HPRegen  0.13/turn              j - ring of protection from fire
MPRegen  0.10/turn              o - ring of protection from fire

@: held
A: AC +5, unfitting armour, cold-blooded
a: Renounce Religion


You were on level 4 of the Dungeon.
You worshipped Xom.
You were a plaything of Xom.
You visited 1 branch of the dungeon, and saw 4 of its levels.

You collected 107 gold pieces.

Inventory:

Hand Weapons
 a - a +1 falchion of flaming (weapon)
Armour
 b - a +0 cloak (worn)
 c - a +0 pair of boots (worn)
 f - a +0 kite shield (worn)
Jewellery
 h - a ring of ice
 j - a ring of protection from fire (left hand)
 o - a ring of protection from fire (right hand)
Wands
 l - a wand of paralysis (11)
 q - a wand of mindburst (8)
Scrolls
 e - 2 scrolls of teleportation
 k - a scroll of identify
Potions
 g - a potion of brilliance
 n - a potion of curing
Miscellaneous
 d - a phantom mirror


   Skills:
 + Level 4.0 Fighting
 + Level 4.2 Long Blades
 + Level 2.6 Dodging
 + Level 0.2 Shields
 * Level 1.6 Spellcasting


You had 6 spell levels left.
You didn't know any spells.
Your spell library contained the following spells:

 Spells                   Type           Power      Damage    Failure   Level
 Animate Skeleton         Necr           0%         N/A       91%         1
 Pain                     Necr           0%         1d4       91%         1
 Vampiric Draining        Necr           0%         2d6       99%         3


Dungeon Overview and Level Annotations

Branches:
Dungeon (4/15)
 Temple: D:4-7

Altars:
Xom

Shops:
D:2 [


Innate Abilities, Weirdness & Mutations

Your plain brown scales are hard. (AC +5)
You cannot fit into any form of body armour.
You are cold-blooded and may be slowed by cold attacks.


Message History

The gnoll seems to speed up.
You block the kobold's attack. The gnoll hits you with a +0 flail!
You hit the gnoll. You burn the gnoll.
The gnoll is heavily wounded.
A gnoll comes into view. It is wielding a +0 whip.
The kobold hits you but does no damage. The gnoll barely misses you.
You hit the gnoll. You burn the gnoll.
The gnoll is severely wounded.
The kobold hits you but does no damage. The gnoll hits you but does no damage.
The kobold barely misses you.
You riposte.
You closely miss the kobold. The gnoll barely misses you.
The gnoll hits you with a +0 flail.
The kobold unwields a +1 dagger of holy wrath.
It stops glowing.
The kobold wields a +0 hand crossbow.
The kobold shoots a bolt.
The bolt closely misses you.
The kobold shoots a bolt.
You block the bolt. The gnoll barely misses you.
The gnoll hits you with a +0 flail. The gnoll hits you with a +0 flail.
* * * LOW HITPOINT WARNING * * *
There is an open door here.
You block the gnoll's attack.
The gnoll throws a throwing net.
You block the throwing net.
You see here a throwing net.
You block the gnoll's attack.
The gnoll shaman calls upon its god to heal the gnoll.
The gnoll is healed somewhat.
The kobold shoots a bolt.
The bolt hits you but does no damage. You block the gnoll's attack.
The gnoll hits you but does no damage.
The gnoll throws a throwing net.
The throwing net hits you.
You become entangled in the net!
You see here a throwing net.
You tear a large gash into the net.
The gnoll shaman calls upon its god to heal the gnoll.
The gnoll's wounds heal themselves!
The gnoll hits you with a +0 flail!
* * * LOW HITPOINT WARNING * * *
You struggle against the net.
The gnoll hits you but does no damage. The gnoll hits you with a +0 flail!
You die...
Xom bursts into laughter!

#################
#.[..#........<......#
#....#......g@.......#
#(...#...............# ##
#....##...g..##......#
..##....##......#########
........#.K(.....#
........#.g......#
........'........#
..##...K##########
..##....##.......#


You could see a gnoll shaman, 2 gnolls and a kobold.

Vanquished Creatures
  Robin (D:2)
  4 adders
  A dart slug (D:2)
  2 bats (D:1)
  4 endoplasms
  3 giant cockroaches
  11 goblins
  11 hobgoblins
  8 jackals
  5 quokkas
  3 ball pythons
  4 frilled lizards
  2 kobolds
  2 rats (D:1)
61 creatures vanquished.

Vanquished Creatures (others)
  3 demonic plants (D:3)
  3 plants
6 creatures vanquished.

Grand Total: 67 creatures vanquished

Notes
Turn   | Place    | Note
-------+----------+-------------------------------------------
     0 | D:1      | Lekart the Draconian Chaos Knight began the quest for the
                  | Orb.
     0 | D:1      | Reached XP level 1. HP: 19/19 MP: 1/1
   192 | D:1      | Reached XP level 2. HP: 26/26 MP: 2/2
   549 | D:1      | XOM: god gift: 22 bolts
   653 | D:1      | XOM: silly message
   736 | D:1      | XOM: cloud trail
  1058 | D:1      | XOM: 1-stop teleportation journey
  1081 | D:1      | XOM: give mutations
  1081 | D:1      | Gained mutation: Your muscles are strong. (Str +2) [Xom's
                  | mischief]
  1081 | D:1      | Lost mutation: Your muscles are strong. (Str +2) [Xom's
                  | mischief]
  1097 | D:2      | Reached XP level 3. HP: 6/33 MP: 2/4
  1177 | D:2      | XOM: scenery: create altars
  1322 | D:2      | XOM: polymorph jackal -> frilled lizard
  1365 | D:2      | Reached skill level 1 in Spellcasting
  1777 | D:2      | XOM: god gift: glowing inky potion {god gift}
  1898 | D:2      | Found Nahyuwul's Antique Armour Boutique.
  1920 | D:2      | Reached XP level 4. HP: 30/40 MP: 5/5
  2197 | D:2      | Noticed Robin
  2293 | D:1      | XOM: silly message
  2734 | D:2      | Killed Robin
  2843 | D:2      | XOM: god gift: phantom mirror
  2937 | D:2      | XOM: cloud trail
  3062 | D:3      | XOM: god gift: scroll labelled NAUTTI YNURPHA {god gift}
  3292 | D:3      | Found a faded altar of an unknown god.
  3316 | D:3      | XOM: noise
  3400 | D:3      | XOM: divination: magic mapping
  3939 | D:4      | Slain by a gnoll

Illustrated notes

Levels and vault maps discovered:
D:1:      eino_arrival_tree_alley, layout_loops_corners
D:2:      layout_basic, serial_shops, nicolae_shop_crystal, uniq_robin
D:3:      layout_basic, shapermc_ecumenical_altar_gd
D:4:      layout_gridville, serial_shops, shop, nicolae_shop_waterfront, shop,
          uniq_duvessa

Skill      XL: |  1  2  3  4 |
---------------+-------------+-----
Spellcasting   | 1 |  1.6
Fighting       | 4 |  4.0
Long Blades    | 4 |  4.2
Dodging        | |  2.6
Shields        | |  0.2

Action                   |  1- 3 |  4- 6 || total
-------------------------+-------+-------++-------
Melee: Falchion          |   109 |    87 ||   196
       Tailslap          |    15 |     6 ||    21
Throw: Throwing net      |       |     1 ||     1
  Use: Scroll            |     5 |     6 ||    11
       Potion            |     3 |     1 ||     4
 Stab: Held in net/web   |       |     2 ||     2
Armor: Skin              |    27 |    46 ||    73
Dodge: Dodged            |    80 |    61 ||   141
Block: Kite shield       |       |    40 ||    40
       Rpst.: Falchion   |    23 |    17 ||    40

Table legend: (Time is in decaauts)
 A = Elapsed time spent in this place.
 B = Non-inter-level travel time spent in this place.
 C = Inter-level travel time spent in this place.
 D = Time resting spent in this place.
 E = Time spent auto-exploring this place.
 F = Levels seen in this place.
 G = Mean time per level.
                   A        B        C        D        E       F      G
               +--------+--------+--------+--------+--------+-----+--------+
         Total |   3979 |   3925 |     54 |   1109 |   2238 |   4 |  994.8 |
       Dungeon |   3979 |   3925 |     54 |   1109 |   2238 |   4 |  994.8 |
               +--------+--------+--------+--------+--------+-----+--------+

Top non-repeatable levels by time:
     D:1: 1577 daAuts
     D:2: 1474 daAuts
     D:3: 881 daAuts
     D:4: 45 daAuts
